 Dungeon Crawl Stone Soup version 0.28.0-53-g5a82cb258f (webtiles) character file.

Game seed: 13265399441594867635

55 Tiocfaidh the Stinger (level 3, -1/24 HPs)
             Began as a Merfolk Venom Mage on June 18, 2022.
             Slain by an adder (3 damage)
             ... on level 2 of the Dungeon.
             The game lasted 00:05:38 (1274 turns).

Tiocfaidh the Stinger (Merfolk Venom Mage)          Turns: 1274, Time: 00:05:38

Health: -1/24      AC:  3    Str:  8    XL:     3   Next: 93%
Magic:  0/7        EV: 13    Int: 16    God:
Gold:   44         SH:  0    Dex: 14    Spells: 6/7 levels left

rFire   . . .      SeeInvis .   b - +0 short sword
rCold   . . .      Faith    .   (no shield)
rNeg    . . .      Spirit   .   a - +0 robe
rPois   .          Reflect  .   (no helmet)
rElec   .          Harm     .   e - +0 cloak
rCorr   .          Rampage  .   (no gloves)
Will    +....                   (no boots)
Stlth   ++........              (no amulet)
HPRegen 0.08/turn               j - ring of willpower
MPRegen 0.10/turn               (no ring)

@: lethally poisoned (-1 -> -8)
A: (nimble swimmer 2), mertail
a: no special abilities


You were on level 2 of the Dungeon.
You visited 1 branch of the dungeon, and saw 2 of its levels.

You collected 44 gold pieces.

Inventory:

Hand Weapons
 b - a +0 short sword (weapon)
Armour
 a - a +0 robe (worn)
 e - a +0 cloak (worn)
Jewellery
 j - a ring of willpower (left hand)
Scrolls
 d - a scroll of enchant weapon {unknown}
 f - 2 scrolls of identify {unknown}
 g - a scroll of noise {unknown}
 h - 2 scrolls of teleportation {unknown}
 i - a scroll of fog {unknown}
Potions
 c - a potion of lignification {unknown}
 k - a potion of cancellation {unknown}


   Skills:
 + Level 0.3 Short Blades
 + Level 3.0 Dodging
 + Level 2.4 Stealth
 + Level 2.6 Spellcasting
 + Level 2.7 Transmutations
 + Level 3.8 Poison Magic


You had 6 spell levels left.
You knew the following spells:

 Your Spells              Type           Power      Damage    Failure   Level
a - Sting                 Tmut/Pois      48%        1d5       4%          1

Your spell library contained the following spells:

 Spells                   Type           Power      Damage    Failure   Level
 Poisonous Vapours        Pois/Air       16%        N/A       14%         2
 Mephitic Cloud           Conj/Pois/Air  6%         N/A       34%         3
 Olgreb's Toxic Radiance  Pois           14%        N/A       38%         4


Dungeon Overview and Level Annotations

Branches:
Dungeon (2/15)

Altars:


Innate Abilities, Weirdness & Mutations

((You are very nimble when in or above water. (Stealth+, EV+, Speed+++)))
Your lower body shifts to a powerful aquatic tail in water.


Message History

You feel sick. The adder bites you.
You feel sick.
Your magical contamination has completely faded away.
You feel sick.
You feel sick. The adder closely misses you.
You feel sick.
You feel sick.
The adder looks more healthy.
You feel sick.
You are no longer poisoned.
The adder misses you. The adder bites you.
Aiming: Sting (safe; 5% risk of failure)
Press: ? - help, Q - select action Shift-Dir - straight line, f/p - adder
Aim: an adder (heavily wounded, 53% to hit)
The sting misses the adder.
The sting hits the adder.
The adder is poisoned.
The adder is lightly wounded.
The adder bites you.
You are poisoned.
The adder poisons you!
Aiming: Sting (safe; 5% risk of failure)
Press: ? - help, Q - select action Shift-Dir - straight line, f/p - adder
Aim: an adder (heavily wounded, 53% to hit)
The sting hits the adder.
The adder is poisoned.
You kill the adder!
You feel sick. The adder closely misses you.
You completely miss the adder.
The adder is heavily wounded.
You feel sick. The adder misses you.
You hit the adder but do no damage.
The adder is almost dead.
* * * LOW HITPOINT WARNING * * *
You feel sick. The adder bites you.
* * * LOW HITPOINT WARNING * * *
You are lethally poisoned!
The adder poisons you!
You barely miss the adder.
The adder is almost dead.
* * * LOW HITPOINT WARNING * * *
You feel sick. The adder closely misses you. The adder bites you.
You die...

.......†...# ##......#
###..#.###.# #.......# ##.... #.#
#..###..# #.....###.#####
#..###..# ##............#
#........ #..#####.###.#
#.......# #..#####.# #.#
##..###.# #........# #S# #..###.#
##+####### #@# #......# ##...##
#.# ##...### ##.....## #.# #.#.##
###.......## ##.#### #....##
##.........####.....########....#
.'.........+.....................
##.........####...#.########....#
###.......## #........# #.#.## #
##)....## #...#.##.# #.###


You could see an adder (poisoned).

Vanquished Creatures
  3 adders (D:2)
  A worm (D:2)
  A dart slug (D:2)
  3 ball pythons (D:2)
  An endoplasm (D:2)
  2 giant cockroaches (D:2)
  4 hobgoblins
  2 goblins (D:1)
  3 kobolds
  7 rats
27 creatures vanquished.

Notes
Turn   | Place    | Note
-------+----------+-------------------------------------------
     0 | D:1      | Tiocfaidh the Merfolk Venom Mage began the quest for the
                  | Orb.
     0 | D:1      | Reached XP level 1. HP: 13/13 MP: 3/3
   146 | D:1      | Reached XP level 2. HP: 11/19 MP: 0/5
   372 | D:1      | Found a faded altar of an unknown god.
   788 | D:2      | Reached XP level 3. HP: 18/24 MP: 1/6
  1274 | D:2      | Slain by an adder

Illustrated notes

Levels and vault maps discovered:
D:1:      ncdulo_wetmaze, layout_basic, shapermc_ecumenical_altar_petra
D:2:      layout_loops_corners, serial_aquarium, aquarium_bridge_square
          [aquarium_subvault_bridge, aquarium_subvault_bridge,
          aquarium_subvault_wall, aquarium_subvault_window], aquarium_window_2,
          aquarium_window_fake, aquarium_view_2c, aquarium_balcony_3a,
          minmay_pentomino_p4

Skill      XL: |  1  2  3 |
---------------+----------+-----
Dodging        | 3 |  3.0
Transmutations | 2 |  2.7
Short Blades   | |  0.3
Stealth        | |  2.4
Spellcasting   | |  2.6
Poison Magic   | |  3.8

Action                   || total
-------------------------++-------
Melee: Short sword       ||    15
       Unarmed           ||     1
 Cast: Sting             ||    36
Armor: Robe              ||     4
Dodge: Dodged            ||    22
